 Dungeon Crawl Stone Soup version 0.19.0-20-gbc5f0c6 (webtiles) character file.

4454 Minion the Cleaver (level 10, -2/83 HPs)
             Began as a Minotaur Fighter on Nov 16, 2016.
             Was an Elder of Okawaru.
             Slain by a wolf spider zombie (7 damage)
             ... on level 8 of the Dungeon.
             The game lasted 00:16:48 (6833 turns).

Minion the Cleaver (Minotaur Fighter)               Turns: 6833, Time: 00:16:48

Health: -2/83      AC: 14    Str: 21    XL:     10   Next: 15%
Magic:  9/9        EV:  9    Int:  5    God:    Okawaru [****..]
Gold:   419        SH:  0    Dex: 13    Spells: 0 memorised, 9 levels left

rFire  + . .     SeeInvis .     a - +0 war axe
rCold  . . .     Gourm    .     G - +0 plate armour
rNeg   . . .     Faith    .     (no shield)
rPois  .         Spirit   .     (helmet restricted)
rElec  .         Reflect  .     (no cloak)
rCorr  .         Harm     .     (no gloves)
MR     .....                    p - +0 pair of boots
Stlth  ..........               (no amulet)
                                (no ring)
                                u - ring of protection from fire

@: exhausted, slowed, very slow
A: retaliatory headbutt, horns 2
a: Heroism, Renounce Religion


You were on level 8 of the Dungeon.
You worshipped Okawaru.
Okawaru was greatly pleased with you.
You were not hungry.

You visited 2 branches of the dungeon, and saw 9 of its levels.
You also visited: Sewer.

You collected 419 gold pieces.

Inventory:

Hand Weapons
 a - a +0 war axe (weapon)
 h - a +1 whip of freezing
Armour
 p - a +0 pair of boots (worn)
 G - a +0 plate armour (worn)
Jewellery
 u - a ring of protection from fire (left hand)
Wands
 b - a wand of lightning (9/15)
 A - a wand of acid (8/15)
Scrolls
 c - 2 scrolls of immolation
 e - 2 scrolls of fear
 j - 8 scrolls of identify
 k - 3 scrolls of remove curse
 m - a scroll of enchant weapon {unknown}
 n - a scroll of random uselessness {unknown}
 q - a scroll of amnesia {unknown}
 y - 3 scrolls of teleportation {unknown}
 B - a scroll of noise {unknown}
 C - a scroll of recharging {unknown}
 D - 2 scrolls of magic mapping {unknown}
Potions
 d - a potion of might
 g - 2 potions of haste {unknown}
 i - a potion of berserk rage
 l - a potion of flight {unknown}
 r - 4 potions of lignification
 s - a potion of heal wounds
 t - 2 potions of curing {unknown}
 v - a potion of mutation {unknown}
 x - a potion of degeneration {unknown}
 z - a potion of cancellation {unknown}
 E - a potion of magic {unknown}
 F - a potion of brilliance {unknown}
Books
 w - a book of Conjurations

   Spells                             Type                      Level
   a - Magic Dart                     Conjuration                  1
   b - Searing Ray                    Conjuration                  2
   c - Dazzling Spray                 Conjuration/Hexes            3
   d - Fulminant Prism                Conjuration/Hexes            4
   e - Iskenderun's Mystic Blast      Conjuration                  4
   f - Iskenderun's Battlesphere      Conjuration/Charms           5
 I - a book of Battle

   Spells                             Type                      Level
   a - Infusion                       Charms                       1
   b - Shroud of Golubria             Charms/Translocation         2
   c - Song of Slaying                Charms                       2
   d - Spectral Weapon                Hexes/Charms                 3
   e - Regeneration                   Charms/Necromancy            3
Comestibles
 f - 3 bread rations
 o - 3 meat rations
 H - 3 chunks of flesh


   Skills:
 - Level 6.1 Fighting
 * Level 14.0 Axes
 - Level 6.1 Armour
 + Level 6.5 Dodging
   Level 3.6 Shields


You had 9 spell levels left.
You didn't know any spells.

Dungeon Overview and Level Annotations

Branches:
Dungeon (8/15)             Temple (1/1) D:6
   Lair: D:8-11

Altars:
Cheibriados
Dithmenos
Elyvilon
Fedhas
Gozag
Hepliaklqana
Kikubaaqudgha
Nemelex Xobeh
Okawaru
Qazlal
Ru
Sif Muna
Trog
Vehumet
Xom
Zin


Innate Abilities, Weirdness & Mutations

You reflexively headbutt those who attack you in melee.
You have a pair of horns on your head.


Message History

The wolf spider zombie hits you but does no damage.
The wolf spider zombie bites you.
* * * LOW HITPOINT WARNING * * *
The wolf spider zombie hits you!
* * * LOW HITPOINT WARNING * * *
The wolf spider zombie bites you but does no damage.
The bullfrog skeleton barely misses you.
Found an escape hatch in the ceiling.
You feel much better.
The wolf spider zombie hits you but does no damage.
The wolf spider zombie bites you but does no damage.
The bullfrog skeleton hits you but does no damage.
The wolf spider zombie hits you!
* * * LOW HITPOINT WARNING * * *
The wolf spider zombie completely misses you.
The bullfrog skeleton hits you but does no damage.
The wolf spider zombie hits you!
* * * LOW HITPOINT WARNING * * *
The wolf spider zombie bites you!
You die...

..........#
......8....#
..PP.......#
.8P.......##
...........#
###.#.#.s5##
...##.##
###<##5#####.
#.@ZZ.......
####........
#########


You could see a shadow imp, a wolf spider zombie and a bullfrog skeleton.

Vanquished Creatures
  Pikel (D:5)
  2 centaur zombies (D:8)
  2 hellwings (D:8)
  Menkaure (D:5)
  A sky beast (D:7)
  An orc warrior (D:6)
  A black bear (D:7)
  A phantom (D:7)
  2 centaurs (D:6)
  An ogre (D:4)
  A big kobold (D:7)
  A wyvern zombie (D:8)
  2 bullfrogs (D:6)
  A wyvern skeleton (D:8)
  3 scorpions
  5 killer bees (D:7)
  A howler monkey (D:7)
  2 crimson imps
  A bullfrog zombie (D:7)
  The ghost of keksmus the Chiller, a weakling VSIE (D:5)
  3 centaur skeletons
  2 hounds
  A gnoll shaman (D:6)
  An iguana (D:7)
  A bullfrog skeleton (D:4)
  Ijyb (D:3)
  3 worker ants
  A howler monkey skeleton (D:5)
  8 gnolls (D:6)
  11 adders
  3 river rats (Sewer)
  3 shadow imps
  3 oozes
  An adder zombie (D:7)
  An adder skeleton (D:7)
  3 worms
  2 dart slugs
  6 leopard geckos
  17 orcs
  3 giant cockroaches
  19 goblins
  11 hobgoblins
  4 jackals
  4 quokkas
  6 ball pythons
  11 bats
  10 frilled lizards
  A giant cockroach zombie (D:6)
  A jackal skeleton (D:6)
  A jackal zombie (D:6)
  14 kobolds
  A quokka skeleton (D:4)
  A quokka zombie (D:5)
  25 rats
214 creatures vanquished.

Vanquished Creatures (others)
  A bullfrog skeleton (D:5)
  A hound (D:5)
  A shadow imp (D:5)
  A quokka (D:5)
  A frilled lizard (D:3)
5 creatures vanquished.

Grand Total: 219 creatures vanquished

Notes
Turn   | Place    | Note
-------+----------+-------------------------------------------
     0 | D:1      | Minion the Minotaur Fighter began the quest for the Orb.
     0 | D:1      | Reached XP level 1. HP: 19/19 MP: 0/0
    92 | D:1      | Reached skill level 3 in Axes
   103 | D:1      | Reached XP level 2. HP: 23/26 MP: 1/1
   161 | D:1      | Reached skill level 1 in Dodging
   672 | D:1      | Reached XP level 3. HP: 31/31 MP: 2/2
   871 | D:2      | Reached skill level 4 in Axes
  1013 | D:2      | Reached XP level 4. HP: 39/39 MP: 3/3
  1500 | D:2      | Reached skill level 5 in Axes
  1778 | D:3      | Reached XP level 5. HP: 30/45 MP: 4/4
  1965 | D:3      | Found a radiant altar of Vehumet.
  2105 | D:3      | Noticed Ijyb
  2113 | D:3      | Killed Ijyb
  2266 | D:4      | Reached skill level 6 in Axes
  2281 | D:4      | Found a shimmering altar of Xom.
  2334 | D:4      | Reached XP level 6. HP: 47/51 MP: 5/5
  2469 | D:4      | Reached skill level 7 in Axes
  2699 | D:4      | Found a snail-covered altar of Cheibriados.
  2699 | D:4      | Found a glowing silver altar of Zin.
  2700 | D:4      | Found an ancient bone altar of Kikubaaqudgha.
  2879 | D:4      | Found a stormy altar of Qazlal.
  2947 | D:5      | Entered Level 5 of the Dungeon
  2979 | D:5      | Noticed keksmus's ghost (weakling VSIE)
  2988 | D:5      | Killed keksmus's ghost
  3050 | D:5      | Noticed a slave
  3054 | D:5      | Noticed a slave
  3056 | D:5      | Noticed Pikel
  3060 | D:5      | Noticed Menkaure
  3342 | D:5      | Killed Pikel
  3342 | D:5      | Reached skill level 9 in Axes
  3342 | D:5      | Reached XP level 7. HP: 31/57 MP: 6/6
  3527 | D:5      | Killed Menkaure
  3527 | D:5      | Reached XP level 8. HP: 66/66 MP: 7/7
  3531 | D:5      | Found Lefysmaiju's General Store.
  3828 | D:5      | Found a bloodstained altar of Trog.
  4186 | D:6      | Reached skill level 10 in Axes
  4197 | D:6      | Reached skill level 5 in Fighting
  4265 | D:6      | Found a staircase to the Ecumenical Temple.
  4293 | Temple   | Entered the Ecumenical Temple
  4318 | Temple   | Became a worshipper of Warmaster Okawaru
  4504 | D:6      | Found a glowing drain.
  4535 | Sewer    | Entered a sewer
  5201 | D:6      | Reached skill level 11 in Axes
  5854 | D:7      | Reached XP level 9. HP: 75/75 MP: 8/8
  5885 | D:7      | Reached * piety under Okawaru
  6166 | D:7      | Reached skill level 12 in Axes
  6770 | D:8      | Noticed a hellwing
  6771 | D:8      | Noticed a hellwing
  6788 | D:8      | Reached ** piety under Okawaru
  6788 | D:8      | Reached skill level 5 in Dodging
  6804 | D:8      | Killed a hellwing
  6804 | D:8      | Reached skill level 13 in Axes
  6807 | D:8      | Killed a hellwing
  6807 | D:8      | Reached *** piety under Okawaru
  6817 | D:8      | Reached XP level 10. HP: 10/83 MP: 9/9
  6821 | D:8      | Reached **** piety under Okawaru
  6826 | D:8      | Reached skill level 14 in Axes
  6831 | D:8      | HP: 2/83 [wolf spider zombie (10)]
  6833 | D:8      | Slain by a wolf spider zombie

Skill      XL: |  1  2  3  4  5  6  7  8  9 10 |
---------------+-------------------------------+-----
Axes           | 3 4 5 6 9 11 13 14 | 14.0
Dodging        | 1 2 3 6 |  6.5
Armour         | 6 |  6.1
Fighting       | 4 6 |  6.1
Shields        | |  3.6

Action                   |  1- 3 |  4- 6 |  7- 9 | 10-12 || total
-------------------------+-------+-------+-------+-------++-------
Melee: War axe           |    76 |   157 |   290 |    12 ||   535
       Headbutt          |    10 |    25 |    61 |     5 ||   101
  Use: Scroll            |       |     5 |     1 |       ||     6
       Potion            |       |       |     4 |     2 ||     6
  Eat: Chunk             |       |     7 |     6 |       ||    13
       Pizza             |       |     1 |       |       ||     1
       Beef jerky        |       |       |     2 |       ||     2
       Royal jelly       |       |       |     1 |       ||     1
Armor: Scale mail        |    44 |    61 |    47 |       ||   152
       Robe              |       |     5 |       |       ||     5
       Plate armour      |       |       |    97 |     9 ||   106
       Skin              |       |       |    25 |       ||    25
Dodge: Dodged            |    48 |    83 |   126 |     4 ||   261
